 Dungeon Crawl Stone Soup version 0.26-a0-665-gefeb406119 (webtiles) character file.

Game seed: 10802620207481598480

347 robertstho the Quickloader (level 6, 0/37 HPs)
             Began as a Kobold Hunter on Oct 15, 2020.
             Was a Follower of Okawaru.
             Slain by Pikel
             ... wielding a +1 whip of flaming
              (8 damage)
             ... on level 5 of the Dungeon.
             The game lasted 00:03:30 (2740 turns).

robertstho the Quickloader (Kobold Hunter)          Turns: 2740, Time: 00:03:31

Health: 0/37       AC:  6    Str: 11    XL:     6   Next: 90%
Magic:  6/6        EV: 14    Int: 12    God:    Okawaru [*.....]
Gold:   172        SH:  6    Dex: 16    Spells: 5/5 levels left

rFire    . . .     SeeInvis .   r - +6 mace (protect)
rCold    . . .     Faith    .   j - +2 buckler
rNeg     . . .     Spirit   .   i - +1 leather armour {MR+}
rPois    .         Reflect  .   s - +1 helmet
rElec    .         Harm     .   (no cloak)
rCorr    .         Rampage  .   (no gloves)
MR       +....                  (no boots)
Stlth    +++.......             (no amulet)
HPRegen  0.12/turn              (no ring)
MPRegen  0.10/turn              (no ring)

@: no status effects
A: small, nightstalker 3
a: Heroism, Renounce Religion


You were on level 5 of the Dungeon.
You worshipped Okawaru.
Okawaru was aware of your devotion.
You visited 2 branches of the dungeon, and saw 5 of its levels.

You collected 172 gold pieces.

Inventory:

Hand Weapons
 a - a +1 hand crossbow
 b - a +0 short sword
 r - a +6 mace of protection (weapon)
Missiles
 d - 70 bolts
 t - 6 curare-tipped darts (quivered)
Armour
 i - a +1 leather armour of magic resistance (worn)
 j - a +2 buckler (worn)
 s - a +1 helmet (worn)
Jewellery
 u - an uncursed amulet of reflection {unknown}
Scrolls
 c - a scroll of blinking {unknown}
 f - 2 scrolls of noise {unknown}
 h - 3 scrolls of identify {unknown}
 k - a scroll of magic mapping {unknown}
 l - a scroll of teleportation {unknown}
 n - a scroll of enchant weapon {unknown}
 p - 2 scrolls of remove curse {unknown}
 v - a scroll of fear {unknown}
 w - a scroll of fog {unknown}
Potions
 e - 3 potions of flight {unknown}
 g - a potion of lignification {unknown}
 m - a potion of cancellation {unknown}
 o - 3 potions of curing {unknown}
 q - a potion of might {unknown}


   Skills:
 * Level 3.3 Fighting
 * Level 8.2 Crossbows
 + Level 0.4 Armour
 + Level 2.8 Dodging
 * Level 2.3 Stealth
 + Level 0.2 Shields
 * Level 1.1 Invocations


You had 5 spell levels left.
You didn't know any spells.
Your spell library contained the following spells:

 Spells                   Type           Power        Failure   Level
 Gell's Gravitas          Tloc           #.........   91%         3
 Portal Projectile        Hex/Tloc       #.....       91%         3
 Dispersal                Tloc           #.........   100%        6
 Disjunction              Tloc           #.........   100%        8


Dungeon Overview and Level Annotations

Branches:
Dungeon (5/15)             Temple (1/1) D:5

Altars:
Cheibriados
Kikubaaqudgha
Okawaru
Ru
Trog
Wu Jian
Yredelemnul
Zin
The Shining One

Annotations:
D:5 Pikel


Innate Abilities, Weirdness & Mutations

You are small and have problems with some larger weapons.
You are completely attuned to the shadows.


Message History

You shoot a bolt. The bolt barely misses Pikel.
The lemure completely misses you. The lemure hits you but does no damage.
Pikel hits you with a +1 whip of flaming.
Pikel burns you.
You shoot a bolt. The bolt hits Pikel!
Pikel is almost dead.
You block the lemure's attack. The lemure hits you.
Pikel says, "You'll feel the lick of my whip!"
Pikel hits you with a +1 whip of flaming.
Pikel burns you.
You are too injured to fight recklessly!
Your +6 mace of protection hums with potential!
r - a +6 mace of protection (weapon)
The lemure misses you. Pikel barely misses you. The lemure closely misses you.
You closely miss Pikel.
Pikel is almost dead.
The lemure closely misses you. The lemure hits you.
* * * LOW HITPOINT WARNING * * *
Pikel hits you with a +1 whip of flaming!
You die...

.. ..# .# #. (. .#
#5#(## .## #5K55#
..##### #####@#
......# ##.....#
##..#.#####..###....
##.#..##...## #....
#.......### ..### #
####...## .# #
###.....
###....#####
......##


You could see Pikel and 4 lemures.

Vanquished Creatures
  A sky beast (D:5)
  4 orc priests
  Jessica (D:2)
  Robin (D:2)
  2 adders (D:2)
  A white imp (D:5)
  2 dart slugs
  2 leopard geckos (D:2)
  7 orcs
  6 bats
  2 giant cockroaches
  17 goblins
  5 hobgoblins
  7 kobolds
  2 quokkas
  4 frilled lizards
  7 rats
71 creatures vanquished.

Notes
Turn   | Place    | Note
-------+----------+-------------------------------------------
     0 | D:1      | robertstho the Kobold Hunter began the quest for the Orb.
     0 | D:1      | Reached XP level 1. HP: 12/12 MP: 1/1
   114 | D:1      | Reached skill level 5 in Crossbows
   193 | D:1      | Reached XP level 2. HP: 17/17 MP: 2/2
   842 | D:2      | Noticed Jessica
   851 | D:2      | Killed Jessica
   851 | D:2      | Reached skill level 6 in Crossbows
   851 | D:2      | Reached XP level 3. HP: 19/22 MP: 3/3
   985 | D:2      | Reached XP level 4. HP: 25/27 MP: 4/4
  1337 | D:2      | Found an iron altar of Okawaru.
  1399 | D:2      | Became a worshipper of Warmaster Okawaru
  1435 | D:2      | Reached XP level 5. HP: 14/31 MP: 5/5
  1438 | D:2      | Reached skill level 7 in Crossbows
  2016 | D:2      | Reached XP level 6. HP: 37/37 MP: 6/6
  2027 | D:2      | Noticed Robin
  2036 | D:2      | Killed Robin
  2320 | D:3      | Found a bloodstained altar of Trog.
  2408 | D:3      | Found a sacrificial altar of Ru.
  2427 | D:3      | Found a snail-covered altar of Cheibriados.
  2448 | D:3      | You fall into a shaft and drop 2 floors!
  2448 | D:5      | Entered Level 5 of the Dungeon
  2473 | D:5      | Noticed a sky beast
  2481 | D:5      | Killed a sky beast
  2481 | D:5      | Reached skill level 1 in Invocations
  2617 | D:5      | Found a staircase to the Ecumenical Temple.
  2622 | D:5      | Reached * piety under Okawaru
  2622 | D:5      | Reached skill level 8 in Crossbows
  2633 | Temple   | Entered the Ecumenical Temple
  2725 | D:5      | Noticed Pikel
  2740 | D:5      | Slain by Pikel

Illustrated notes

Levels and vault maps discovered:
D:1:      minmay_arrival_widening_spiral_wide, layout_basic
D:2:      layout_loops_corners, okawaru_gym_becter, uniq_robin, uniq_jessica
D:3:      layout_basic, old_standard_altar, kennysheep_slug_shrine,
          overflow_temple_1_default, chequers_ecumenical_altar_grove,
          nicolae_ru_awakened_eye
D:5:      layout_rooms, kennysheep_mini_moat, lemuel_blue_sif_altar,
          minmay_temple_entry_proselytizer, minmay_mini_ossuary, uniq_pikel,
          uniq_grinder, uniq_prince_ribbit1
Temple:   dshaligram_water_room_temple

Skill      XL: |  1  2  3  4  5  6 |
---------------+-------------------+-----
Crossbows      | 5 6 7 8 |  8.2
Fighting       | 3 |  3.3
Stealth        | 2 |  2.3
Invocations    | 1 |  1.1
Armour         | |  0.4
Dodging        | |  2.8
Shields        | |  0.2

Action                   |  1- 3 |  4- 6 || total
-------------------------+-------+-------++-------
Melee: Mace              |       |     1 ||     1
 Fire: Hand crossbow     |    50 |   128 ||   178
Armor: Leather armour    |     2 |    14 ||    16
Dodge: Dodged            |     4 |    42 ||    46
Block: Buckler           |       |    28 ||    28

Table legend: (Time is in decaauts)
 A = Elapsed time spent in this place.
 B = Non-inter-level travel time spent in this place.
 C = Inter-level travel time spent in this place.
 D = Time resting spent in this place.
 E = Time spent auto-exploring this place.
 F = Levels seen in this place.
 G = Mean time per level.
                   A        B        C        D        E       F      G
               +--------+--------+--------+--------+--------+-----+--------+
         Total |   2775 |   2691 |     84 |    248 |   2020 |   5 |  555.0 |
       Dungeon |   2739 |   2671 |     68 |    248 |   2001 |   4 |  684.8 |
        Temple |     35 |     19 |     16 |      0 |     19 |   1 |   35.0 |
               +--------+--------+--------+--------+--------+-----+--------+

Top non-repeatable levels by time:
     D:2: 1455 daAuts
     D:1: 844 daAuts
     D:5: 260 daAuts
     D:3: 179 daAuts
  Temple: 35 daAuts
